| TOP OF THE 1ST |
|
Calgary Flames batting - Pitching for Colorado Avalanche : RHP Dan Hoffman
|
|
Pitching: RHP Dan Hoffman
|
|
|
Batting: RHB Dave McBain
|
0-0: Ball 1-0: Swinging Strike 1-1: SINGLE (Groundball, 56, EV 106.2 MPH) (infield hit)
|
|
Batting: LHB Ramon Vega
|
0-0: Ball Dave McBain steals 2nd base 1-0: Called Strike 1-1: Ground out 5-3 (Groundball, 5, EV 85.0 MPH)
|
|
Batting: RHB Eric McMillian
|
0-0: Ball 1-0: Ball Wild Pitch! Dave McBain to third 2-0: Ball 3-0: Base on Balls
|
|
Batting: RHB Wally Cangro
|
0-0: Fly out, F9 (Flyball, 9, EV 84.4 MPH) Runner from 3rd tags up, SCORES, throw by RF
|
|
Batting: RHB Kalidas Mishra
|
0-0: Ball 1-0: Called Strike 1-1: Ball 2-1: Fly out, F8 (Flyball, 8RS, EV 93.8 MPH)
|
| Top of the 1st over - 1 run, 1 hit, 0 errors, 1 left on base; Calgary 1 - Colorado 0 |
| BOTTOM OF THE 1ST |
|
Colorado Avalanche batting - Pitching for Calgary Flames : LHP Ed Gates
|
|
Pitching: LHP Ed Gates
|
|
|
Batting: RHB Kevin Tangeman
|
0-0: Foul Ball, location: 2F 0-1: Ball 1-1: Foul Ball, location: 2F 1-2: Ball 2-2: SINGLE (Groundball, 6MS, EV 71.9 MPH) (infield hit)
|
|
Batting: SHB Jamie Mims
|
0-0: Fly out, F8 (Line Drive, 8LD, EV 88.1 MPH)
|
|
Batting: RHB Ray Insley
|
0-0: Called Strike 0-1: DOUBLE (Line Drive, 5D, EV 108.1 MPH) Kevin Tangeman to third
|
|
Batting: SHB Brad Madden
|
0-0: Foul Ball, location: 2F 0-1: Ball 1-1: Ground out 6-3 (Groundball, 6, EV 83.1 MPH) Kevin Tangeman scores Ray Insley to third
|
|
Batting: SHB Justin Jackson
|
0-0: Ball 1-0: Ball 2-0: Ball 3-0: Called Strike 3-1: Called Strike 3-2: Foul Ball, location: 2F 3-2: Foul Ball, location: 2F 3-2: Ground out 6-3 (Groundball, 56, EV 107.5 MPH)
|
| Bottom of the 1st over - 1 run, 2 hits, 0 errors, 1 left on base; Calgary 1 - Colorado 1 |
| TOP OF THE 2ND |
|
Calgary Flames batting - Pitching for Colorado Avalanche : RHP Dan Hoffman
|
|
Batting: RHB Ricardo Ortiz
|
0-0: Foul Ball, location: 2F 0-1: Called Strike 0-2: Foul Ball, location: 2F 0-2: Ball 1-2: Ball 2-2: Ball 3-2: Base on Balls
|
|
Batting: RHB Brian DeVoe
|
0-0: Called Strike Ricardo Ortiz is caught stealing 2nd base 2-4 0-1: Fly out, F8 (Flyball, 78D, EV 99.4 MPH)
|
|
Batting: RHB Ed Oake
|
0-0: SINGLE (Line Drive, 3D, EV 107.5 MPH)
|
|
Batting: RHB Jon Groseclose
|
0-0: Ball 1-0: Called Strike 1-1: Called Strike 1-2: 2-RUN HOME RUN (Flyball, 7LD, EV 96.9 MPH), Distance : 366 ft
|
|
Batting: RHB Dave McBain
|
0-0: Foul Ball, location: 2F 0-1: Ground out 5-3 (Groundball, 5, EV 85.0 MPH)
|
| Top of the 2nd over - 2 runs, 2 hits, 0 errors, 0 left on base; Calgary 3 - Colorado 1 |
| BOTTOM OF THE 2ND |
|
Colorado Avalanche batting - Pitching for Calgary Flames : LHP Ed Gates
|
|
Batting: RHB Carlos de Jesus
|
0-0: Ball 1-0: Foul Ball, location: 2F 1-1: SINGLE (Line Drive, 89M, EV 103.8 MPH)
|
|
Batting: RHB Manny Thompson
|
0-0: Foul Ball, location: 2F 0-1: Ground out 5-3 (Groundball, 56S, EV 63.8 MPH) Carlos de Jesus to second
|
|
Batting: RHB Matviy Oliynyk
|
0-0: Fly out, F7 (Line Drive, 7D, EV 86.2 MPH)
|
|
Batting: SHB Clayton Saunders
|
0-0: Ball 1-0: Ball 2-0: Called Strike 2-1: Foul Ball, location: 2F 2-2: Foul Ball, location: 2F 2-2: DOUBLE (Groundball, 5L, EV 102.5 MPH) Carlos de Jesus scores
|
|
Batting: RHB Kevin Tangeman
|
0-0: SINGLE (Line Drive, 78S, EV 106.2 MPH) Clayton Saunders to third Runner from 3rd tries for Home, throw by LF and OUT! 7-2
|
| Bottom of the 2nd over - 1 run, 3 hits, 0 errors, 1 left on base; Calgary 3 - Colorado 2 |
| TOP OF THE 3RD |
|
Calgary Flames batting - Pitching for Colorado Avalanche : RHP Dan Hoffman
|
|
Batting: LHB Ramon Vega
|
0-0: Ball 1-0: Ball 2-0: Fly out, F9 (Line Drive, 9, EV 87.5 MPH)
|
|
Batting: RHB Eric McMillian
|
0-0: Ball 1-0: Called Strike 1-1: Foul Ball, location: 2F 1-2: Fly out, F8 (Flyball, 78M, EV 83.8 MPH)
|
|
Batting: RHB Wally Cangro
|
0-0: Ball 1-0: Ball 2-0: Foul Ball, location: 2F 2-1: Foul Ball, location: 2F 2-2: Ball 3-2: Base on Balls
|
|
Batting: RHB Kalidas Mishra
|
0-0: Ball Wally Cangro steals 2nd base 1-0: Ball 2-0: Called Strike 2-1: SINGLE (Line Drive, 78S, EV 103.1 MPH) Wally Cangro to third
|
|
Batting: RHB Ricardo Ortiz
|
0-0: SINGLE (Line Drive, 89M, EV 98.8 MPH) Wally Cangro scores Kalidas Mishra to second
|
|
Batting: RHB Brian DeVoe
|
0-0: Fly out, F7 (Flyball, 78M, EV 78.8 MPH)
|
| Top of the 3rd over - 1 run, 2 hits, 0 errors, 2 left on base; Calgary 4 - Colorado 2 |
| BOTTOM OF THE 3RD |
|
Colorado Avalanche batting - Pitching for Calgary Flames : LHP Ed Gates
|
|
Batting: SHB Jamie Mims
|
0-0: Foul Ball, location: 2F 0-1: Ball 1-1: Called Strike 1-2: Ball 2-2: Strikes out swinging
|
|
Batting: RHB Ray Insley
|
0-0: Called Strike 0-1: Ball 1-1: TRIPLE (Line Drive, 89XD, EV 108.1 MPH)
|
|
Batting: SHB Brad Madden
|
0-0: Called Strike 0-1: Ball 1-1: Swinging Strike 1-2: Strikes out swinging
|
|
Batting: SHB Justin Jackson
|
0-0: Called Strike 0-1: Ball 1-1: SINGLE (Line Drive, 4MD, EV 101.9 MPH) Ray Insley scores
|
|
Batting: RHB Carlos de Jesus
|
0-0: Foul Ball, location: 2F 0-1: Ball 1-1: Called Strike 1-2: Ball 2-2: Ball 3-2: Strikes out looking
|
| Bottom of the 3rd over - 1 run, 2 hits, 0 errors, 1 left on base; Calgary 4 - Colorado 3 |
| TOP OF THE 4TH |
|
Calgary Flames batting - Pitching for Colorado Avalanche : RHP Dan Hoffman
|
|
Batting: RHB Ed Oake
|
0-0: Ball 1-0: Ball 2-0: Fly out, F7 (Flyball, 78D, EV 104.4 MPH)
|
|
Batting: RHB Jon Groseclose
|
0-0: Ball 1-0: Ball 2-0: Called Strike 2-1: Ball 3-1: Base on Balls
|
|
Batting: RHB Dave McBain
|
0-0: Called Strike 0-1: Swinging Strike 0-2: Ball 1-2: Foul Ball, location: 2F 1-2: DOUBLE (Groundball, 5L, EV 110.0 MPH) Jon Groseclose to third
|
|
Pitching: RHP Josh Lofgreen
|
|
|
Batting: LHB Ramon Vega
|
0-0: Foul Ball, location: 2F 0-1: Ball 1-1: Fly out, F7 (Flyball, 78D, EV 92.5 MPH) Runner from 3rd tags up, SCORES, throw by LF Dave McBain to third
|
|
Batting: RHB Eric McMillian
|
0-0: Ball 1-0: Called Strike 1-1: Ball 2-1: Called Strike 2-2: Ball 3-2: DOUBLE (Line Drive, 7LS, EV 94.4 MPH) Dave McBain scores
|
|
Batting: RHB Wally Cangro
|
0-0: Foul Ball, location: 2F 0-1: Foul Ball, location: 2F 0-2: Foul Ball, location: 2F 0-2: DOUBLE (Line Drive, 9LM, EV 108.1 MPH) Eric McMillian scores
|
|
Batting: RHB Kalidas Mishra
|
0-0: Called Strike 0-1: Ball 1-1: Swinging Strike 1-2: Fly out, F8 (Flyball, 8LD, EV 100.0 MPH)
|
| Top of the 4th over - 3 runs, 3 hits, 0 errors, 1 left on base; Calgary 7 - Colorado 3 |
| BOTTOM OF THE 4TH |
|
Colorado Avalanche batting - Pitching for Calgary Flames : LHP Ed Gates
|
|
Batting: RHB Manny Thompson
|
0-0: Swinging Strike 0-1: Ball 1-1: Foul Ball, location: 2F 1-2: Ball 2-2: Ball 3-2: Foul Ball, location: 2F 3-2: Strikes out swinging
|
|
Batting: RHB Matviy Oliynyk
|
0-0: Ground out 4-3 (Groundball, 4, EV 83.1 MPH)
|
|
Batting: SHB Clayton Saunders
|
0-0: Foul Ball, location: 2F 0-1: DOUBLE (Line Drive, 78XD, EV 101.9 MPH)
|
|
Batting: RHB Kevin Tangeman
|
0-0: Foul Ball, location: 2F 0-1: Foul Ball, location: 2F 0-2: Fly out, F8 (Flyball, 8LD, EV 97.5 MPH)
|
| Bottom of the 4th over - 0 runs, 1 hit, 0 errors, 1 left on base; Calgary 7 - Colorado 3 |
| TOP OF THE 5TH |
|
Calgary Flames batting - Pitching for Colorado Avalanche : RHP Josh Lofgreen
|
|
Batting: RHB Ricardo Ortiz
|
0-0: Fly out, F8 (Flyball, 8RM, EV 83.1 MPH)
|
|
Batting: RHB Brian DeVoe
|
0-0: Ball 1-0: Foul Ball, location: 2F 1-1: Swinging Strike 1-2: Ball 2-2: Strikes out looking
|
|
Batting: RHB Ed Oake
|
0-0: Ball 1-0: Foul Ball, location: 2F 1-1: Foul Ball, location: 2F 1-2: Ball 2-2: Foul Ball, location: 2F 2-2: Ball 3-2: Base on Balls
|
|
Batting: RHB Jon Groseclose
|
0-0: Ball Ed Oake steals 2nd base 1-0: Foul Ball, location: 2F 1-1: Called Strike 1-2: Foul Ball, location: 2F 1-2: Foul Ball, location: 2F 1-2: Ball 2-2: Fly out, F9 (Flyball, 9LS, EV 96.9 MPH)
|
| Top of the 5th over - 0 runs, 0 hits, 0 errors, 1 left on base; Calgary 7 - Colorado 3 |
| BOTTOM OF THE 5TH |
|
Colorado Avalanche batting - Pitching for Calgary Flames : LHP Ed Gates
|
|
Batting: SHB Jamie Mims
|
0-0: Called Strike 0-1: Ground out 6-3 (Groundball, 6, EV 85.6 MPH)
|
|
Batting: RHB Ray Insley
|
0-0: Called Strike 0-1: Ball 1-1: Ball 2-1: Ground out 5-3 (Groundball, 56S, EV 88.8 MPH)
|
|
Batting: SHB Brad Madden
|
0-0: Called Strike 0-1: Ground out 5-3 (Groundball, 56, EV 85.6 MPH)
|
| Bottom of the 5th over - 0 runs, 0 hits, 0 errors, 0 left on base; Calgary 7 - Colorado 3 |
| TOP OF THE 6TH |
|
Calgary Flames batting - Pitching for Colorado Avalanche : RHP Josh Lofgreen
|
|
Batting: RHB Dave McBain
|
0-0: Ground out 5-3 (Groundball, 56, EV 98.8 MPH)
|
|
Batting: LHB Ramon Vega
|
0-0: Foul Ball, location: 2F 0-1: Ball 1-1: Foul Ball, location: 2F 1-2: Ball 2-2: Ball 3-2: Foul Ball, location: 2F 3-2: Base on Balls
|
|
Batting: RHB Eric McMillian
|
0-0: Called Strike Ramon Vega is caught stealing 2nd base 2-4 0-1: Ball 1-1: Fly out, F8 (Flyball, 89D, EV 108.8 MPH)
|
| Top of the 6th over - 0 runs, 0 hits, 0 errors, 0 left on base; Calgary 7 - Colorado 3 |
| BOTTOM OF THE 6TH |
|
Colorado Avalanche batting - Pitching for Calgary Flames : LHP Ed Gates
|
|
Batting: SHB Justin Jackson
|
0-0: Called Strike 0-1: Ground out 5-3 (Groundball, 56, EV 85.6 MPH)
|
|
Batting: RHB Carlos de Jesus
|
0-0: Called Strike 0-1: Ball 1-1: Swinging Strike 1-2: Fly out, F7 (Flyball, 7, EV 87.5 MPH)
|
|
Batting: RHB Manny Thompson
|
0-0: Ball 1-0: Fly out, F8 (Flyball, 8LM, EV 83.1 MPH)
|
| Bottom of the 6th over - 0 runs, 0 hits, 0 errors, 0 left on base; Calgary 7 - Colorado 3 |
| TOP OF THE 7TH |
|
Calgary Flames batting - Pitching for Colorado Avalanche : RHP Josh Lofgreen
|
|
Batting: RHB Wally Cangro
|
0-0: Ball 1-0: Ball 2-0: SOLO HOME RUN (Flyball, 8LXD, EV 106.9 MPH), Distance : 437 ft
|
|
Batting: RHB Kalidas Mishra
|
0-0: Ball 1-0: Ball 2-0: Fly out, F8 (Flyball, 78D, EV 77.5 MPH)
|
|
Batting: RHB Ricardo Ortiz
|
0-0: Called Strike 0-1: Ground out 6-3 (Groundball, 6, EV 101.2 MPH)
|
|
Batting: RHB Brian DeVoe
|
0-0: Swinging Strike 0-1: Ball 1-1: SINGLE (Groundball, 56D, EV 106.9 MPH)
|
|
Batting: RHB Ed Oake
|
0-0: Ball 1-0: Ball 2-0: Foul Ball, location: 2F 2-1: Fielders Choice at 2nd, 6-4 (Groundball, 6, EV 84.4 MPH)
|
| Top of the 7th over - 1 run, 2 hits, 0 errors, 1 left on base; Calgary 8 - Colorado 3 |
| BOTTOM OF THE 7TH |
|
Colorado Avalanche batting - Pitching for Calgary Flames : LHP Ed Gates
|
|
Batting: RHB Matviy Oliynyk
|
0-0: Ball 1-0: Foul Ball, location: 2F 1-1: Fly out, F9 (Flyball, 9LD, EV 100.6 MPH)
|
|
Batting: SHB Clayton Saunders
|
0-0: Foul Ball, location: 2F 0-1: Ball 1-1: Foul Ball, location: 2F 1-2: Strikes out looking
|
|
Batting: RHB Kevin Tangeman
|
0-0: Ball 1-0: Foul Ball, location: 2F 1-1: Ball 2-1: Ground out 6-3 (Groundball, 6S, EV 78.8 MPH)
|
| Bottom of the 7th over - 0 runs, 0 hits, 0 errors, 0 left on base; Calgary 8 - Colorado 3 |
| TOP OF THE 8TH |
|
Calgary Flames batting - Pitching for Colorado Avalanche : RHP Josh Lofgreen
|
|
Pitching: RHP Daniel Green
|
|
|
Batting: RHB Jon Groseclose
|
0-0: Fly out, F6 (Flyball, 56D, EV 93.8 MPH)
|
|
Batting: RHB Dave McBain
|
0-0: Ball 1-0: Foul Ball, location: 2F 1-1: Fly out, F4 (Flyball, 4D, EV 94.4 MPH)
|
|
Batting: LHB Ramon Vega
|
0-0: Ground out U3 (Groundball, 3S, EV 81.9 MPH)
|
| Top of the 8th over - 0 runs, 0 hits, 0 errors, 0 left on base; Calgary 8 - Colorado 3 |
| BOTTOM OF THE 8TH |
|
Colorado Avalanche batting - Pitching for Calgary Flames : LHP Ed Gates
|
|
Batting: SHB Jamie Mims
|
0-0: Called Strike 0-1: SINGLE (Line Drive, 6M, EV 108.8 MPH)
|
|
Batting: RHB Ray Insley
|
0-0: Ball 1-0: Ball 2-0: Ball 3-0: Base on Balls Jamie Mims to second
|
|
Batting: SHB Brad Madden
|
0-0: Fly out, F8 (Line Drive, 8RD, EV 91.2 MPH)
|
|
Batting: SHB Justin Jackson
|
0-0: Ball 1-0: Fly out, F7 (Flyball, 7, EV 75.6 MPH)
|
|
Batting: RHB Carlos de Jesus
|
0-0: Fly out, F7 (Flyball, 7LM, EV 94.4 MPH)
|
| Bottom of the 8th over - 0 runs, 1 hit, 0 errors, 2 left on base; Calgary 8 - Colorado 3 |
| TOP OF THE 9TH |
|
Calgary Flames batting - Pitching for Colorado Avalanche : RHP Daniel Green
|
|
Batting: RHB Eric McMillian
|
0-0: Ball 1-0: Ball 2-0: Foul Ball, location: 2F 2-1: Ball 3-1: Swinging Strike 3-2: Foul Ball, location: 2F 3-2: Base on Balls
|
|
Batting: RHB Wally Cangro
|
0-0: Fly out, F4 (Popup, 3D, EV 45.6 MPH)
|
|
Batting: RHB Kalidas Mishra
|
0-0: Ball 1-0: Called Strike Eric McMillian steals 2nd base 1-1: Ball 2-1: Ball 3-1: Called Strike 3-2: Fly out, F8 (Flyball, 8LD, EV 90.0 MPH)
|
|
Batting: RHB Ricardo Ortiz
|
0-0: Ball 1-0: Called Strike 1-1: Fly out, F8 (Line Drive, 8RD, EV 85.0 MPH)
|
| Top of the 9th over - 0 runs, 0 hits, 0 errors, 1 left on base; Calgary 8 - Colorado 3 |
| BOTTOM OF THE 9TH |
|
Colorado Avalanche batting - Pitching for Calgary Flames : LHP Ed Gates
|
|
Batting: RHB Manny Thompson
|
0-0: SINGLE (Groundball, 56D, EV 94.4 MPH)
|
|
Batting: RHB Matviy Oliynyk
|
0-0: Ball 1-0: Foul Ball, location: 2F 1-1: Called Strike 1-2: 2-RUN HOME RUN (Flyball, 7D, EV 95.0 MPH), Distance : 386 ft
|
|
Pitching: RHP Mike Swenson
|
|
|
Batting: SHB Clayton Saunders
|
0-0: Called Strike 0-1: Ball 1-1: Swinging Strike 1-2: Strikes out swinging
|
|
Batting: RHB Kevin Tangeman
|
0-0: Foul Ball, location: 2F 0-1: Ball 1-1: Ball 2-1: Called Strike 2-2: Ground out 6-3 (Groundball, 6, EV 77.5 MPH)
|
|
Batting: SHB Jamie Mims
|
0-0: Ground out 4-3 (Groundball, 34, EV 91.2 MPH)
|
| Bottom of the 9th over - 2 runs, 2 hits, 0 errors, 0 left on base; Calgary 8 - Colorado 5 |
|